 Dungeon Crawl Stone Soup version 0.27.1-33-g824d729ab1 (webtiles) character file.

Game seed: 7979330177369042353

815 comborobin the Sneak (level 8, -3/37 (47) HPs)
             Began as a Kobold Delver on Dec 28, 2021.
             Was a Follower of Okawaru.
             Slain by a wight (4 damage)
             ... on level 4 of the Dungeon.
             The game lasted 00:04:18 (3705 turns).

comborobin the Sneak (Kobold Delver)                Turns: 3705, Time: 00:04:18

HP:   -3/37 (47)    AC:  3    Str:  9    XL:     8   Next: 16%
MP:   8/8           EV: 18    Int: 11    God:    Okawaru [*.....]
Gold: 126           SH:  0    Dex: 25    Spells: 7/7 levels left

rFire    . . .     SeeInvis .   b - +4 flail (vorpal)
rCold    . . .     Faith    .   (shield restricted)
rNeg     . . .     Spirit   .   k - +0 leather armour
rPois    .         Reflect  .   (no helmet)
rElec    .         Harm     .   (no cloak)
rCorr    .         Rampage  .   (no gloves)
Will     .....                  (no boots)
Stlth    +++++.....             (no amulet)
HPRegen  0.12/turn              f - +6 ring of dexterity
MPRegen  0.11/turn              (no ring)

@: heavily drained
A: small, no large weapons, nightstalker 3
a: Renounce Religion, Heroism


You were on level 4 of the Dungeon.
You worshipped Okawaru.
Okawaru was aware of your devotion.
You visited 2 branches of the dungeon, and saw 4 of its levels.

You collected 126 gold pieces.

Inventory:

Hand Weapons
 a - a +0 short sword
 b - a +4 vorpal flail (weapon)
Armour
 i - a +0 buckler
 k - a +0 leather armour (worn)
 q - a +0 kite shield of protection
Jewellery
 f - a +6 ring of dexterity (left hand)
 j - a ring of fire
Wands
 g - a wand of digging (3)
Scrolls
 c - a scroll of fog
 d - a scroll of magic mapping
 e - a scroll of fear
 l - a scroll of noise
 o - a scroll of enchant armour {unknown}
 p - a scroll of vulnerability {unknown}
 s - a scroll of identify
Potions
 h - 2 potions of curing
 m - a potion of brilliance {unknown}
 n - 3 potions of berserk rage {unknown}
 r - a potion of cancellation {unknown}


   Skills:
 + Level 3.6 Fighting
 - Level 4.7 Short Blades
 + Level 6.0 Maces & Flails
 + Level 5.4 Dodging
 - Level 6.6 Stealth


You had 7 spell levels left.
You didn't know any spells.
Your spell library was empty.

Dungeon Overview and Level Annotations

Branches:
Dungeon (5/15)             Temple (1/1) D:5

Altars:
Ashenzari
Cheibriados
Dithmenos
Elyvilon
Kikubaaqudgha
Makhleb
Okawaru
Qazlal
Uskayaw
Vehumet
Zin
The Shining One

Shops:
D:5 ?

Annotations:
D:5 exclusions: orc, phantom and scorpion


Innate Abilities, Weirdness & Mutations

You are small and have problems with some larger weapons.
You are completely attuned to the shadows.


Message History

The wight completely misses you. The wight hits you with a +3 spear!
You feel drained.
You hit the wight.
The wight is severely damaged.
The wight hits you with a +3 spear!
* * * LOW HITPOINT WARNING * * *
You feel drained.
* * * LOW HITPOINT WARNING * * *
The wight barely misses you.
You see here 17 sling bullets.
Things that are here:
a +0 ring mail; a +0 flail; an orc skeleton
There is a stone staircase leading up here.
The wight hits you from afar with a +3 spear.
* * * LOW HITPOINT WARNING * * *
You climb upwards.
There is a stone staircase leading down, spattered with blood here.
You start resting.
HP restored.
You climb downwards.
There is a stone staircase leading up, spattered with blood here.
Okay, then.
The wight hits you with a +3 spear.
You hit the wight.
The wight is moderately damaged.
The wight hits you with a +3 spear!
You sock the wight!
The wight is severely damaged.
The wight hits you with a +3 spear!
You feel drained.
You hit the wight.
The wight is almost destroyed.
The wight hits you with a +3 spear!
* * * LOW HITPOINT WARNING * * *
You feel drained.
You barely miss the wight.
The wight is almost destroyed.
The wight hits you with a +3 spear!
* * * LOW HITPOINT WARNING * * *
You feel drained.
You die...

###### ######+####
.....# #.........#
####.# #.........#
#.########..(......#
#.....(.##....[....#
#
#######.#......<.###
#
#.....z#...z@.....#
#
#......#..........#
#
#............#....#
#
#............#....#
# #.....########.###
########.## ###....
##.>.# #.# #......
.....###.# #......
#......#.. #......


You could see a wight.

Vanquished Creatures
  An ogre (D:5)
  A centaur (D:5)
  2 water moccasin zombies (D:5)
  A scorpion (D:4)
  A water moccasin skeleton (D:5)
  A wight (D:4)
  A centaur zombie (D:5)
  2 bullfrog zombies (D:5)
  2 hounds (D:5)
  2 orc priests
  An iguana (D:5)
  A howler monkey zombie (D:5)
  9 adders
  An ufetubus (D:5)
  An adder zombie (D:5)
  9 orcs
  2 endoplasms (D:3)
  A giant cockroach (D:4)
  2 goblins
  4 hobgoblins
  3 jackals (D:4)
  3 kobolds
  A quokka (D:4)
  2 ball pythons
  2 bats (D:3)
  A rat (D:3)
57 creatures vanquished.

Vanquished Creatures (others)
  17 plants (D:5)
  4 withered plants (D:5)
21 creatures vanquished.

Grand Total: 78 creatures vanquished

Notes
Turn   | Place    | Note
-------+----------+-------------------------------------------
     0 | D:5      | comborobin the Kobold Delver began the quest for the Orb.
     0 | D:5      | Reached XP level 1. HP: 14/14 MP: 1/1
    61 | D:5      | Found Nyprireu's Magic Scroll Emporium.
    96 | D:5      | Noticed a scorpion
   178 | D:5      | Found a staircase to the Ecumenical Temple.
   178 | D:5      | Noticed an orc priest
   182 | D:5      | Killed an orc priest
   183 | D:5      | Reached XP level 2. HP: 19/19 MP: 2/2
   183 | D:5      | Reached XP level 3. HP: 23/23 MP: 3/3
   187 | Temple   | Entered the Ecumenical Temple
   255 | Temple   | Became a worshipper of Warmaster Okawaru
   299 | D:5      | Reached XP level 4. HP: 21/28 MP: 4/4
   398 | D:5      | Reached XP level 5. HP: 18/32 MP: 5/5
   401 | D:5      | Reached * piety under Okawaru
   410 | D:5      | Reached XP level 6. HP: 8/37 MP: 6/6
   975 | D:5      | Reached skill level 5 in Maces & Flails
  1016 | D:5      | Reached XP level 7. HP: 25/41 MP: 7/7
  1261 | D:5      | Found a shadowy altar of Dithmenos.
  1346 | D:5      | Found a large runed translucent door.
  1347 | D:5      | Found a large runed translucent door.
  1964 | D:5      | Found a glowing golden altar of the Shining One.
  1967 | D:5      | Found a white marble altar of Elyvilon.
  2128 | D:4      | Found a broken altar of Ashenzari.
  2702 | D:3      | Reached skill level 5 in Dodging
  2705 | D:3      | Reached XP level 8. HP: 46/46 MP: 8/8
  2934 | D:3      | Found a glowing silver altar of Zin.
  2935 | D:3      | Found a snail-covered altar of Cheibriados.
  2937 | D:3      | Found a burning altar of Makhleb.
  2937 | D:3      | Found a hide-covered altar of Uskayaw.
  2939 | D:3      | Found an ancient bone altar of Kikubaaqudgha.
  3705 | D:4      | HP: 1/39 [wight (11)]
  3705 | D:4      | Slain by a wight

Illustrated notes

Levels and vault maps discovered:
D:3:      layout_rooms, minitemple
D:4:      layout_basic, mainiacjoe_overflow_tiny_flanked
D:5:      layout_gridville, grunt_dithmenos_smoke, jmf_multi_god_temple2,
          minmay_temple_entry_proselytizer, serial_undead, serial_undead_e,
          serial_undead_d, serial_undead_a, serial_undead_e,
          nicolae_stop_n_shop_2, serial_bayou_pond_c
Temple:   dpeg_chambers_temple

Skill      XL: |  1  2  3  4  5  6  7  8 |
---------------+-------------------------+-----
Short Blades   | 4 |  4.7
Maces & Flails | 2 4 5 6 |  6.0
Dodging        | 5 |  5.4
Fighting       | |  3.6
Stealth        | |  6.6

Action                   |  1- 3 |  4- 6 |  7- 9 || total
-------------------------+-------+-------+-------++-------
Melee: Short sword       |     1 |       |     5 ||     6
       Flail             |     7 |    38 |    93 ||   138
  Use: Potion            |       |     3 |       ||     3
       Scroll            |       |       |     1 ||     1
 Stab: Sleeping          |     3 |       |    21 ||    24
Armor: Leather armour    |     1 |     6 |    13 ||    20
Dodge: Dodged            |     5 |    35 |    68 ||   108
